Map: Dasan Station LE

Players

Fropez - Winner!

  • Race: Protoss Protoss
  • League: Gold
  • Spawn Location: 12:00

JaKe

  • Race: Terran Terran
  • League: Gold
  • Spawn Location: 6:00

VOD

Have the link to the VOD?

Description

Time

  • Played on: Nov. 2, 2016, 6:33 p.m.
  • Length: 18:33
Show
View Real Time Build Order
Export as new Build Order

Fropez Protoss - Winner!

Build Orders:  

Get SALT Encoding   

  12  0:01  Probe (Chrono Boost)  
  13  0:11  Probe (Chrono Boost)  
  14  0:25  Pylon  
  14  0:27  Probe (Chrono Boost)  
  15  0:44  Probe (Chrono Boost)  
  15  0:45  Gateway  
  16  0:52  Assimilator  
  16  0:54  Probe (Chrono Boost)  
  17  1:05  Probe (Chrono Boost)  
  18  1:15  Probe (Chrono Boost)  
  19  1:27  Probe (Chrono Boost), Gateway  
  20  1:33  Pylon  
  20  1:37  Probe (Chrono Boost)  
  20  1:39  Pylon, Assimilator  
  21  1:56  Probe (Chrono Boost)  
  21  2:04  Cybernetics Core  
  21  2:09  Probe (Chrono Boost)  
  21  2:12  Gateway  
  22  2:19  Pylon  
  22  2:40  Warp Gate  
  22  2:41  Mothership Core (Chrono Boost)  
  24  2:44  Stalker x2  
  28  3:03  Nexus  
  28  3:09  Probe (Chrono Boost)  
  29  3:14  Stalker  
  29  3:16  Adept  
  33  3:23  Probe (Chrono Boost)  
  34  3:33  Probe (Chrono Boost)  
  35  3:43  Twilight Council  
  35  3:44  Probe (Chrono Boost)  
  35  3:46  Pylon  
  36  3:54  Stalker  
  38  4:05  Probe (Chrono Boost)  
  39  4:15  Probe (Chrono Boost)  
  40  4:17  Probe (Chrono Boost), Gateway  
  40  4:20  Resonating Glaives (Chrono Boost), Assimilator  
  45  4:41  Probe  
  45  4:45  Probe  
  43  4:59  Probe, Gateway  
  44  5:00  Probe  
  44  5:02  Adept x2  
  49  5:11  Probe  
  49  5:13  Gateway  
  50  5:15  Gateway  
  50  5:24  Probe  
  50  5:25  Probe  
  50  5:36  Adept x2  
  50  5:37  Probe  
  50  5:38  Probe  
  50  5:41  Blink (Chrono Boost)  
  56  5:45  Robotics Facility  
  56  5:49  Probe  
  57  5:50  Probe  
  57  5:53  Pylon  
  58  6:01  Assimilator  
  58  6:04  Stalker  
  58  6:06  Stalker  
  58  6:11  Stalker  
  64  6:15  Stalker  
  66  6:18  Stalker  
  66  6:24  Probe  
  69  6:27  Dark Shrine  
  69  6:31  Probe  
  70  6:33  Warp Prism (Chrono Boost)  
  72  6:40  Probe  
  72  6:43  Probe  
  74  6:53  Stalker  
  74  6:54  Stalker  
  78  6:59  Pylon  
  78  7:02  Pylon  
  78  7:10  Pylon  
  78  7:17  Probe x2  
  78  7:18  Pylon  
  78  7:19  Pylon  
  80  7:35  Adept  
  80  7:36  Adept x2  
  80  7:37  Adept x3  
  76  8:23  Adept  
  76  8:24  Adept x5  
  74  8:40  Immortal (Chrono Boost)  
  78  8:49  Dark Templar x4  
  78  8:50  Dark Templar  
  88  9:14  Nexus, Immortal (Chrono Boost)  
  88  9:16  Pylon  
  92  9:19  Pylon  
  92  9:24  Stalker x6  
  104  9:42  Pylon  
  104  9:44  Pylon  
  104  10:27  Adept  
  104  10:28  Adept x5  
  106  10:47  Assimilator  
  106  10:51  Assimilator  
  106  10:53  Gateway  
  106  10:57  Gateway  
  106  11:00  Gateway  
  106  11:01  Pylon  
  106  11:07  Pylon  
  106  11:19  Nexus  
  106  11:22  Assimilator  
  106  11:24  Forge  
  106  11:25  Forge  
  104  11:26  Assimilator  
  104  11:29  Pylon  
  100  11:38  Adept x4  
  100  11:39  Adept x2  
  112  11:44  Gateway  
  100  12:18  Adept x7  
  100  12:21  Protoss Ground Weapons Level 1 (Chrono Boost), Protoss Ground Armor Level 1 (Chrono Boost)  
  114  12:23  Immortal  
  118  12:31  Probe  
  118  12:32  Probe  
  118  12:33  Probe x2  
  122  12:50  Pylon  
  122  12:54  Adept x2  
  122  12:55  Adept x4  
  134  13:02  Immortal  
  130  13:14  Stalker x3  
  130  13:15  Stalker  
  126  13:37  Dark Templar  
  126  13:38  Dark Templar x5  
  138  13:53  Immortal  
  142  14:03  Protoss Ground Weapons Level 2 (Chrono Boost)  
  142  14:04  Protoss Ground Armor Level 2 (Chrono Boost)  
  142  14:31  Adept x3  
  142  14:32  Adept x7  
  95  15:21  Adept x2  
  95  15:22  Adept x6  
  95  16:24  Stalker x3  
  95  16:25  Stalker x5  
  107  16:33  Gateway  
  103  16:50  Stalker x2  
  103  16:51  Stalker x3  
  109  17:25  Adept x3  
  109  17:26  Adept x4  
  109  17:27  Adept  
  118  17:54  Dark Templar x4  
  118  17:55  Dark Templar x4  
Show
View Real Time Build Order
Export as new Build Order

JaKe Terran 

Build Orders: MMM Bio 

Get SALT Encoding   

  12  0:01  SCV  
  13  0:13  SCV  
  14  0:18  Supply Depot  
  14  0:31  SCV  
  15  0:42  Barracks  
  15  0:47  SCV  
  16  0:50  Supply Depot  
  16  1:15  Refinery  
  16  1:16  Refinery  
  16  1:32  Marine  
  16  1:35  Orbital Command  
  16  1:38  Barracks  
  17  2:11  Command Center  
  17  2:21  Factory  
  17  2:25  Barracks Tech Lab  
  17  2:26  Marine  
  18  2:34  SCV  
  19  2:46  SCV  
  19  2:49  Stimpack  
  19  2:50  Marine x2  
  22  2:59  Engineering Bay  
  22  3:03  SCV  
  23  3:15  Starport  
  23  3:17  SCV  
  24  3:32  Orbital Command  
  24  3:35  SCV  
  24  3:39  Factory Tech Lab  
  25  3:54  Ghost Academy  
  25  4:04  SCV x2  
  28  4:14  Medivac  
  30  4:20  Barracks Reactor  
  30  4:22  Marine  
  33  4:24  Siege Tank  
  33  4:30  SCV x2  
  35  4:32  Refinery  
  35  4:36  Refinery  
  35  4:42  SCV x2, Terran Infantry Weapons Level 1  
  37  4:59  Marine  
  37  5:00  Marine  
  37  5:01  Marine  
  37  5:03  Combat Shields  
  40  5:17  Marine x2  
  42  5:26  Marine  
  42  5:27  Siege Tank  
  46  5:42  Supply Depot x3  
  46  5:46  Liberator  
  46  5:51  Supply Depot  
  46  5:52  Supply Depot  
  46  6:03  Marine, SCV x2, Siege Tank  
  55  6:09  Armory  
  55  6:13  Marine x2  
  55  6:15  SCV  
  58  6:23  SCV  
  58  6:24  Barracks  
  59  6:28  SCV  
  60  6:35  SCV, Supply Depot  
  61  6:44  Supply Depot  
  61  6:53  SCV  
  61  6:54  Marine x2, SCV  
  63  6:56  Siege Tank, Marauder  
  63  6:59  Medivac  
  72  7:05  Starport  
  72  7:21  Barracks Reactor  
  72  7:24  Barracks  
  72  7:30  Factory  
  72  7:32  Starport Reactor  
  72  7:38  Marine  
  72  7:39  Marine  
  72  7:40  Marauder  
  72  7:42  Siege Tank  
  72  7:43  Starport Tech Lab  
  79  7:47  Factory  
  79  7:52  Command Center  
  70  8:17  Marine x4  
  70  8:19  Marauder  
  76  8:23  Barracks Tech Lab  
  76  8:40  Factory Tech Lab  
  76  8:46  Command Center  
  76  8:54  Supply Depot  
  76  9:02  Marine x4  
  78  9:03  Marine x2  
  78  9:04  Terran Infantry Armor Level 1  
  82  9:18  Terran Vehicle Weapons Level 1, Engineering Bay  
  82  9:23  Armory  
  82  9:26  SCV x2  
  84  9:40  Viking x2  
  84  9:44  Terran Infantry Weapons Level 2  
  88  9:46  Marine x3  
  88  9:49  Concussive Shells  
  91  10:06  Missile Turret  
  91  10:13  Raven  
  87  10:40  Orbital Command  
  87  10:48  Supply Depot  
  87  10:53  Supply Depot, Terran Vehicle And Ship Armor Level 1  
  87  10:56  SCV  
  88  11:00  Marine x3  
  91  11:08  SCV  
  91  11:11  Orbital Command  
  91  11:40  Siege Tank  
  94  11:55  SCV  
  93  12:07  SCV  
  94  12:17  Refinery x2  
  94  12:26  Terran Vehicle Weapons Level 2  
  94  12:28  SCV  
  95  12:34  SCV  
  96  12:41  SCV  
  96  12:44  Missile Turret  
  97  12:45  Marine x6  
  97  12:50  Terran Ship Weapons Level 1  
  103  12:52  Medivac  
  105  12:59  Supply Depot  
  105  13:02  Supply Depot  
  105  13:04  Marine x4  
  109  13:16  Marine  
  110  13:20  Marine  
  110  13:22  Marine x2  
  110  13:26  Terran Infantry Weapons Level 3, Terran Infantry Armor Level 2  
  110  13:39  Marine x4  
  110  13:40  Marine  
  115  13:47  Marine  
  116  13:48  Siege Tank  
  116  13:50  Siege Tank  
  122  13:57  Marine x2  
  122  14:00  Medivac  
  126  14:07  Supply Depot  
  126  14:09  Supply Depot  
  123  14:27  Missile Turret  
  119  15:05  Marine x2  
  119  15:06  Marine x4  
  119  15:07  Medivac  
  39  15:23  Marine x3  
  39  15:33  Marine x3  
  42  15:36  Siege Tank x2, Medivac x2  
  42  15:41  Marine x2  
  52  16:01  Orbital Command  
  48  16:58  Marine x2  
  44  17:59  Orbital Command  
Tags
 
Composition
MMM Bio
League
GoldGold
Matchup
PvT
Replay Pack
All Mines
Spawn Locations
Cross Positions
Add a new tag
Caveats
  • Supply blocks, unpowered buildings, or Contaminate may cause inaccurate times.
  • Supply counts are checked every 10 seconds.